 Dungeon Crawl Stone Soup version 0.29-a0-393-g47a863cc1b (webtiles) character file.

Game seed: 12878496603715476139

17 Hubjo the Firebug (level 2, 0/16 HPs)
             Began as a Deep Elf Fire Elementalist on May 10, 2022.
             Was a Follower of Cheibriados.
             Slain by a quokka (5 damage)
             ... on level 1 of the Dungeon.
             The game lasted 00:01:55 (1241 turns).

Hubjo the Firebug (Deep Elf Fire Elementalist)      Turns: 1241, Time: 00:01:56

Health: 0/16       AC:  2    Str:  7    XL:     2   Next: 44%
Magic:  8/8        EV: 13    Int: 21    God:    Cheibriados [*.....]
Gold:   39         SH:  0    Dex: 17    Spells: 6/7 levels left

rFire   . . .      SeeInvis .   e - +3 dagger
rCold   . . .      Faith    .   (no shield)
rNeg    . . .      Spirit   .   a - +0 robe
rPois   .          Reflect  .   (no helmet)
rElec   .          Harm     .   (no cloak)
rCorr   .          Rampage  .   (no gloves)
Will    .....                   (no boots)
Stlth   ++........              (no amulet)
HPRegen 0.05/turn               (no ring)
MPRegen 0.11/turn               (no ring)

@: very slow
A: no striking features
a: Renounce Religion, Bend Time


You were on level 1 of the Dungeon.
You worshipped Cheibriados.
Cheibriados was aware of your devotion.
You visited 1 branch of the dungeon, and saw 1 of its levels.

You collected 39 gold pieces.

Inventory:

Hand Weapons
 e - a +3 dagger (weapon)
Armour
 a - a +0 robe (worn)
Scrolls
 c - a scroll of torment {unknown}
 d - a scroll of fog {unknown}
 h - a scroll of fear {unknown}
Potions
 b - a potion of magic
 f - a potion of might {unknown}
 g - a potion of degeneration {unknown}


   Skills:
 * Level 1.0 Fighting
 - Level 2.4 Dodging
 + Level 2.8 Stealth
 + Level 3.3 Spellcasting
 - Level 1.1 Conjurations
 + Level 3.5 Fire Magic


You had 6 spell levels left.
You knew the following spells:

 Your Spells              Type           Power      Damage    Failure   Level
a - Foxfire               Conj/Fire      52%        2x1d6     4%          1

Your spell library contained the following spells:

 Spells                   Type           Power      Damage    Failure   Level
 Scorch                   Fire           36%        2d6       4%          2
 Conjure Flame            Conj/Fire      13%        6-21      16%         3
 Inner Flame              Hex/Fire       10%        N/A       19%         3
 Flame Wave               Conj/Fire      13%        2d6       45%         4


Dungeon Overview and Level Annotations

Branches:
Dungeon (1/15)

Altars:
Cheibriados


Message History

Your foxfire dissipates!
Your foxfire dissipates!
Your magical contamination has completely faded away.
A quokka comes into view.
The quokka closely misses you.
The quokka bites you but does no damage.
There is a faded altar of an unknown god here.
You cannot tell which god this altar belongs to.
Convert to them anyway?
Cheibriados accepts your prayer! Cheibriados welcomes you!
Cheibriados begins to support your attributes as your movement slows.
Cheibriados is now slowing the effects of poison on you.
You can now bend time to slow others.
Cheibriados raises the support of your attributes as your movement slows.
The quokka closely misses you. The quokka barely misses you.
The quokka misses you. The quokka bites you. The quokka misses you.
The quokka bites you. The quokka barely misses you.
The quokka barely misses you. The quokka bites you. The quokka bites you.
The quokka bites you but does no damage.
The quokka misses you. The quokka barely misses you.
The quokka barely misses you. The quokka bites you.
The quokka closely misses you. The quokka bites you.
The quokka closely misses you. The quokka closely misses you.
The quokka misses you. The quokka bites you.
* * * LOW HITPOINT WARNING * * *
The quokka misses you. The quokka closely misses you.
The quokka barely misses you. The quokka barely misses you.
The quokka closely misses you. The quokka bites you.
You die...

........#.#.#.#.#.....#.....##...
.....†..#.#.#.#.####..##.####...#
........#.#.#.#.# #.........#.#.#
..........#.#.# #..#.#.#.#.#.#.#
###.#....##.#. .. #.......#....
.. #....##.#.## .# #.#.#)#.....#
. ##......#..##.# #...........#
#.....###..>.###.#.#.#.†...#
###.##.##.r@...............#
#....##........##...#.....
#†.............###.......#
#..........#####..# ######..#
#...>.....[# . ... #...#..#
#..........#. ## #.#.#..#
#...###....#.# #. #### ###.
######.# # # .....#


You could see a quokka.

Vanquished Creatures
  An endoplasm (D:1)
  2 hobgoblins (D:1)
  5 kobolds (D:1)
  3 ball pythons (D:1)
  2 bats (D:1)
  2 frilled lizards (D:1)
  2 goblins (D:1)
  2 rats (D:1)
19 creatures vanquished.

Vanquished Creatures (collateral kills)
  2 foxfires (D:1)
2 creatures vanquished.

Vanquished Creatures (others)
  117 foxfires (D:1)
117 creatures vanquished.

Grand Total: 138 creatures vanquished

Notes
Turn   | Place    | Note
-------+----------+-------------------------------------------
     0 | D:1      | Hubjo the Deep Elf Fire Elementalist began the quest for
                  | the Orb.
     0 | D:1      | Reached XP level 1. HP: 10/10 MP: 6/6
   400 | D:1      | Reached XP level 2. HP: 16/16 MP: 4/8
  1156 | D:1      | Reached skill level 1 in Fighting
  1184 | D:1      | Found a faded altar of an unknown god.
  1219 | D:1      | Prayed at the altar of an unknown god.
  1219 | D:1      | Became a worshipper of Cheibriados the Contemplative
  1219 | D:1      | Reached * piety under Cheibriados
  1241 | D:1      | Slain by a quokka

Illustrated notes

Levels and vault maps discovered:
D:1:      eino_arrival_water_cross, layout_rooms, serial_co_window_serial,
          co_window_of_opportunity_a, co_window_paths_a,
          co_window_of_opportunity_a, co_window_of_opportunity_a,
          co_window_of_opportunity_a, co_window_corner_a, co_window_corner_a,
          co_window_broadway_b, co_window_of_opportunity_b,
          co_window_unsneaky_path_e, co_window_corner_b, co_window_4corner_a,
          co_window_paths_d, glass_columns_c, glass_columns_a, glass_columns_b,
          glass_columns_c, glass_columns_a, basic_ecumenical_altar

Skill      XL: |  1  2 |
---------------+-------+-----
Fighting       | 1 |  1.0
Dodging        | |  2.4
Stealth        | |  2.8
Spellcasting   | |  3.3
Conjurations   | |  1.1
Fire Magic     | |  3.5

Action                   || total
-------------------------++-------
Melee: Dagger            ||     2
 Cast: Foxfire           ||    67
Armor: Robe              ||     4
Dodge: Dodged            ||    29

Table legend: (Time is in decaauts)
 A = Elapsed time spent in this place.
 B = Non-inter-level travel time spent in this place.
 C = Inter-level travel time spent in this place.
 D = Time resting spent in this place.
 E = Time spent auto-exploring this place.
 F = Levels seen in this place.
 G = Mean time per level.
                   A        B        C        D        E       F      G
               +--------+--------+--------+--------+--------+-----+--------+
         Total |   1240 |   1233 |      7 |      0 |   1038 |   1 | 1240.0 |
       Dungeon |   1240 |   1233 |      7 |      0 |   1038 |   1 | 1240.0 |
               +--------+--------+--------+--------+--------+-----+--------+

Top non-repeatable levels by time:
     D:1: 1240 daAuts
